 Dungeon Crawl Stone Soup version 0.30.0-29-ga12c61a403 (webtiles) character file.

Game seed: 11669754170340741832

3456 GeoRichter the Reanimator (level 9, -4/66 HPs)
             Began as a Demonspawn Necromancer on June 18, 2023.
             Was a Follower of Cheibriados.
             Slain by a vampire (7 damage)
             ... on level 8 of the Dungeon.
             The game lasted 00:25:09 (8695 turns).

GeoRichter the Reanimator (Demonspawn Necromancer)  Turns: 8695, Time: 00:25:09

Health: -4/66      AC:  8    Str: 17    XL:     9   Next: 78%
Magic:  20/20      EV: 11    Int: 24    God:    Cheibriados [*.....]
Gold:   621        SH:  0    Dex: 18    Spells: 12/23 levels left

rFire   + . .        E - +7 flail "Kapruhed" {protect, rF+}
rCold   + + .        (no shield)
rNeg    . . .        x - +0 ring mail
rPois   .            (no helmet)
rElec   .            n - +0 cloak
rCorr   .            (no gloves)
SInv    .            v - +1 pair of boots of Urphih Kipp {rC+}
Will    .....        d - amulet of reflection Stlth
                     s - ring of Laulygg {rC+ Str+5 Dex-4 Slay+4}
HPRegen 0.31/turn    G - +6 ring of dexterity
MPRegen 0.17/turn

%: reflection
@: confused, mighty, very slow
A: ignite blood 2, demonic magic 2
a: Renounce Religion, Bend Time


You were on level 8 of the Dungeon.
You worshipped Cheibriados.
Cheibriados was aware of your devotion.
You visited 2 branches of the dungeon, and saw 10 of its levels.

You collected 621 gold pieces.

Inventory:

Hand Weapons
 c - a +0 dagger
 u - a +0 spear
 E - the +7 flail "Kapruhed" (weapon) {protect, rF+}
   (You found it on level 6 of the Dungeon)

   rF:        It protects you from fire.
Armour
 a - a +0 robe
 n - a +0 cloak (worn)
 v - the +1 pair of boots of Urphih Kipp (worn) {rC+}
   (You found it on level 4 of the Dungeon)

   rC:        It protects you from cold.
 x - a +0 ring mail (worn)
Magical Staves
 o - a staff of fire
Jewellery
 d - an amulet of reflection (around neck)
 s - the ring of Laulygg (left hand) {rC+ Str+5 Dex-4 Slay+4}
   (You found it on level 4 of the Dungeon)

   [ring of slaying]

   Str:       It affects your strength (+5).
   Dex:       It affects your dexterity (-4).
   Slay:      It affects your accuracy & damage with ranged weapons and melee
   (+4).
   rC:        It protects you from cold.
 G - a +6 ring of dexterity (right hand)
Wands
 j - a wand of iceblast (12)
 B - a wand of charming (11)
 I - a wand of flame (12)
Scrolls
 b - 3 scrolls of noise {unknown}
 e - 5 scrolls of magic mapping
 g - 9 scrolls of identify
 h - 4 scrolls of teleportation
 m - a scroll of vulnerability {unknown}
 p - 2 scrolls of poison {unknown}
 q - 4 scrolls of fog {unknown}
 r - 3 scrolls of enchant weapon {unknown}
 t - a scroll of butterflies {unknown}
 y - a scroll of amnesia {unknown}
 A - 3 scrolls of immolation {unknown}
 D - a scroll of silence {unknown}
Potions
 f - a potion of attraction {unknown}
 k - 2 potions of mutation
 l - a potion of resistance
 z - a potion of ambrosia
 C - a potion of flight {unknown}
 F - a potion of experience {unknown}
 H - 2 potions of lignification {unknown}
Miscellaneous
 w - a phial of floods


   Skills:
 + Level 4.7 Fighting
 - Level 2.0 Dodging
 - Level 2.0 Stealth
 + Level 7.7 Spellcasting
 - Level 10.0 Necromancy
 - Level 5.0 Ice Magic
 - Level 2.0 Earth Magic


You had 12 spell levels left.
You knew the following spells:

 Your Spells              Type           Power      Damage    Failure   Level
a - Necrotise             Necr           100%       1d9       1%          1
b - Vampiric Draining     Necr           55%        2d9       1%          3
c - Animate Dead          Necr           55%        N/A       1%          4
d - Frozen Ramparts       Ice            66%        1d10      4%          3

Your spell library contained the following spells:

 Spells                   Type           Power      Damage    Failure   Level
 Sublimation of Blood     Necr           55%        N/A       1%          2
 Agony                    Necr           55%        N/A       5%          5
 Ensorcelled Hibernation  Hex/Ice        42%        N/A       7%          2
 Apportation              Tloc           18%        N/A       12%         1
 Beastly Appendage        Tmut           18%        N/A       12%         1
 Passwall                 Tmut/Erth      11%        N/A       12%         2
 Static Discharge         Conj/Air       18%        2-3/arc   19%         2
 Wereblood                Tmut           9%         N/A       19%         2
 Borgnjor's Vile Clutch   Necr/Erth      19%        N/A       28%         5
 Inner Flame              Hex/Fire       9%         N/A       36%         3
 Spider Form              Tmut/Pois      9%         N/A       36%         3
 Swiftness                Air            9%         N/A       36%         3
 Ice Form                 Ice/Tmut       21%        N/A       41%         4
 Summon Ice Beast         Ice/Summ       21%        N/A       41%         4
 Leda's Liquefaction      Hex/Erth       7%         N/A       63%         4
 Petrify                  Tmut/Erth      14%        N/A       63%         4
 Airstrike                Air            4%         2d(1-17)  77%         4
 Flame Wave               Conj/Fire      9%         2d6       77%         4
 Passage of Golubria      Tloc           9%         N/A       77%         4
 Sticky Flame             Conj/Fire      9%         2d3       77%         4
 Summon Lightning Spire   Summ/Air       9%         N/A       77%         4
 Lee's Rapid Deconstruct  Erth           9%         3d7*      83%         5
 Alistair's Intoxication  Tmut/Pois      6%         N/A       98%         5
 Irradiate                Conj/Tmut      4%         3d13      98%         5
 Silence                  Hex/Air        4%         N/A       98%         5
 Eringya's Noxious Bog    Tmut/Pois      4%         N/A       100%        6
 Statue Form              Tmut/Erth      9%         N/A       100%        6
 Lehudib's Crystal Spear  Conj/Erth      7%         10d3      100%        8


Dungeon Overview and Level Annotations

Branches:
Dungeon (9/15)             Temple (1/1) D:7
   Lair: D:8-11         Orc: D:9-12

Altars:
Ashenzari
Cheibriados
Dithmenos
Fedhas
Gozag
Hepliaklqana
Kikubaaqudgha
Makhleb
Nemelex Xobeh
Okawaru
Qazlal
Ru
Sif Muna
Trog
Uskayaw
Vehumet
Wu Jian
Xom
Yredelemnul

Annotations:
D:8 exclusion: two-headed ogre


Innate Abilities, Weirdness & Mutations

Your demonic aura often causes spilled blood to erupt in flames.
Spells you cast may paralyse nearby enemies.


Message History

Your yak zombie is destroyed!
Something hits your yak zombie! Something bites your yak zombie!
Something tries to affect you, but you resist.
You are confused.
There is a stone staircase leading up here.
In your confused state, you trip and fall back down the stairs.
In your confused state, you trip and fall back down the stairs.
Something hits you. Something bites you.
Something draws strength from your injuries!
Something hits you but does no damage. Something bites you but does no damage.
In your confused state, you trip and fall back down the stairs.
Something hits you but does no damage. Something bites you but does no damage.
You feel less confused. Something hits you but does no damage.
Something bites you!
Something draws strength from your injuries!
You climb upwards.
Your mindless puppet stays behind to rot.
Level annotation: exclusion: two-headed ogre Reactivating autopickup.
There is a stone staircase leading down here.
Deactivating autopickup; reactivate with Ctrl-A.
You miss something.
You hear some strange, mumbled words.
You are confused.
Something hits you!
* * * LOW HITPOINT WARNING * * *
Something bites you.
* * * LOW HITPOINT WARNING * * *
Something draws strength from your injuries!
Okay, then.
Okay, then.
Okay, then.
You feel very mighty all of a sudden. Something hits you!
* * * LOW HITPOINT WARNING * * *
Something bites you but does no damage.
Unknown command.
You're too confused to move!
Something hits you but does no damage. Something bites you!
You die...

##................##
##...........#...#
#.........###...#
#####..#####....#
#### ##....## ###
#....... #.#
##....##. #{#
####.....###
#@#####)..#....# #
#.##)).######..###
##...)### ##..##
#..#### ##... ####
###. ## #


There were no monsters in sight!

Vanquished Creatures
  4 yaks (D:9)
  4 ice beasts
  A sky beast (D:7)
  A black bear (D:4)
  An orc warrior (D:7)
  3 ogres
  2 centaurs
  A phantom (D:4)
  3 bullfrogs
  3 scorpions
  5 wights (D:8)
  2 yak zombies (D:9)
  A howler monkey (D:5)
  A crimson imp (D:6)
  3 hounds
  A jelly (D:6)
  3 orc priests
  3 iguanas
  2 sleepcaps
  8 orc wizards
  Robin (D:2)
  4 adders
  2 shadow imps
  5 white imps
  3 dart slugs
  27 orcs
  6 ball pythons
  8 bats
  6 endoplasms
  8 giant cockroaches
  8 goblins
  11 hobgoblins
  9 jackals
  2 quokkas
  3 frilled lizards
  7 kobolds
  6 orc zombies
  4 rats
172 creatures vanquished.

Vanquished Creatures (collateral kills)
  2 yaks (D:9)
  A yak zombie (D:9)
  An adder (D:3)
  7 orcs
  A bat (D:1)
  2 hobgoblins
  A frilled lizard (D:1)
15 creatures vanquished.

Vanquished Creatures (others)
  2 yak zombies (D:9)
  A bullfrog zombie (D:7)
  A sky beast zombie (D:7)
  An ice beast zombie (D:7)
  An adder zombie (D:5)
  6 orc zombies
12 creatures vanquished.

Grand Total: 199 creatures vanquished

Notes
Turn   | Place    | Note
-------+----------+-------------------------------------------
     0 | D:1      | GeoRichter the Demonspawn Necromancer began the quest for
                  | the Orb.
     0 | D:1      | Reached XP level 1. HP: 13/13 MP: 3/3
   154 | D:1      | Gained mutation: Spells you cast may paralyse adjacent
                  | enemies. [demonic ancestry]
   154 | D:1      | Reached XP level 2. HP: 15/19 MP: 1/5
   986 | D:2      | You fall into a shaft and drop 1 floor!
   990 | D:3      | Found a faded altar of an unknown god.
  1000 | D:3      | Reached skill level 5 in Necromancy
  1000 | D:3      | Reached XP level 3. HP: 24/24 MP: 1/6
  1004 | D:3      | Learned a level 3 spell: Vampiric Draining
  1143 | D:3      | Gained mutation: Spells you cast may paralyse nearby
                  | enemies. [demonic ancestry]
  1143 | D:3      | Reached XP level 4. HP: 12/30 MP: 2/8
  1349 | D:3      | Found a sacrificial altar of Ru.
  1380 | D:3      | Found a basalt altar of Yredelemnul.
  1638 | D:3      | Reached skill level 6 in Necromancy
  1743 | D:2      | Reached XP level 5. HP: 35/35 MP: 6/9
  1885 | D:2      | Noticed Robin
  1967 | D:2      | Killed Robin
  2227 | D:2      | Learned a level 4 spell: Animate Dead
  2797 | D:3      | Found a broken altar of Ashenzari.
  2866 | D:3      | Reached XP level 6. HP: 37/41 MP: 7/11
  3035 | D:3      | Reached skill level 7 in Necromancy
  3270 | D:4      | Identified the ring of Laulygg {rC+ Str+5 Dex-4 Slay+4}
  3403 | D:4      | Gained mutation: Your demonic aura sometimes causes spilled
                  | blood to erupt in flames. [demonic ancestry]
  3403 | D:4      | Reached XP level 7. HP: 38/46 MP: 6/13
  3534 | D:4      | Reached skill level 8 in Necromancy
  3624 | D:4      | Identified the +1 pair of boots of Urphih Kipp {rC+}
  3980 | D:4      | Identified the +8 hand axe "Ukiopiwo" {heavy, Will- Str+4}
  4229 | D:5      | Entered Level 5 of the Dungeon
  4596 | D:5      | Found a sparkling altar of Nemelex Xobeh.
  4610 | D:5      | Reached skill level 5 in Spellcasting
  4610 | D:5      | Reached skill level 9 in Necromancy
  5234 | D:6      | Identified the +7 flail "Kapruhed" {protect, rF+}
  5414 | D:6      | Gained mutation: Your demonic aura often causes spilled
                  | blood to erupt in flames. [demonic ancestry]
  5414 | D:6      | Reached XP level 8. HP: 52/52 MP: 11/15
  5574 | D:6      | Reached skill level 1 in Earth Magic
  5877 | D:7      | Found a staircase to the Ecumenical Temple.
  5888 | Temple   | Entered the Ecumenical Temple
  6047 | Temple   | Became a worshipper of Cheibriados the Contemplative
  6230 | D:7      | Learned a level 3 spell: Frozen Ramparts
  6728 | D:7      | Reached skill level 10 in Necromancy
  6728 | D:7      | Reached skill level 1 in Ice Magic
  7008 | D:7      | Found a shimmering blue altar of Sif Muna.
  7095 | D:7      | Found a burning altar of Makhleb.
  7223 | D:8      | Found a hide-covered altar of Uskayaw.
  7277 | D:8      | Noticed a two-headed ogre
  7361 | D:8      | Found an opulent altar of Gozag.
  7446 | D:8      | Reached skill level 1 in Fighting
  7446 | D:8      | Reached XP level 9. HP: 59/59 MP: 18/18
  7679 | D:8      | Reached * piety under Cheibriados
  7930 | D:8      | Found a blossoming altar of Fedhas.
  8502 | D:9      | Reached skill level 5 in Ice Magic
  8694 | D:8      | HP: 2/66 [something (8)]
  8695 | D:8      | Slain by a vampire

Illustrated notes

Levels and vault maps discovered:
D:1:      saegor_arrival_miasma, layout_basic, minmay_statues_item,
          skrybe_limestone_x, minmay_tetromino_t4
D:2:      layout_basic, uniq_robin
D:3:      layout_basic, nicolae_ru_awakened_eye, amcnicky_altar_gilded,
          nicolae_overflow_squiral, shapermc_ecumenical_altar_ellora,
          kennysheep_cross_bottleneck
D:4:      layout_basic
D:5:      layout_rooms, mainiacjoe_overflow_alcove_2
D:6:      layout_basic, chequers_serial_rivers_micro_e, minmay_fire_ice_demons
D:7:      layout_cave_pods, lemuel_tele_altar, marbit_many_paths, temple_pool_b
D:8:      layout_cave_pods, nicolae_gozag_seed_capital,
          nicolae_uskayaw_dance_hall, mainiacjoe_overflow_24_doors, sigmund_army
D:9:      layout_basic, minmay_misc_feat_x, kennysheep_generic_room_12
Temple:   hellmonk_temple_forest_ring

Skill      XL: |  1  2  3  4  5  6  7  8  9 |
---------------+----------------------------+-----
Stealth        | 2 |  2.0
Dodging        | 2 |  2.0
Necromancy     | 5 6 7 9 10 | 10.0
Spellcasting   | 3 4 5 6 7 |  7.7
Earth Magic    | 2 |  2.0
Ice Magic      | 3 5 |  5.0
Fighting       | 1 4 |  4.7

Action                     |  1- 3 |  4- 6 |  7- 9 || total
---------------------------+-------+-------+-------++-------
  Melee: Unarmed           |     3 |       |       ||     3
         Dagger            |    13 |    22 |    48 ||    83
         Flail             |       |       |   117 ||   117
         Punch             |       |       |     3 ||     3
   Cast: Necrotise         |    48 |   104 |    79 ||   231
         Animate Dead      |       |       |    10 ||    10
         Vampiric Draining |       |       |     6 ||     6
         Frozen Ramparts   |       |       |     7 ||     7
  Evoke: Wand              |       |     3 |     3 ||     6
    Use: Potion            |     2 |       |     5 ||     7
         Scroll            |       |     3 |     4 ||     7
   Stab: Distracted        |     1 |       |       ||     1
         Paralysed         |     1 |    17 |    16 ||    34
 Armour: Robe              |     4 |     5 |    29 ||    38
         Ring mail         |       |       |    47 ||    47
  Dodge: Dodged            |    15 |    11 |    73 ||    99
  Block: Other             |       |     4 |    33 ||    37
         Reflection        |       |     1 |     4 ||     5
